 Dungeon Crawl Stone Soup version 0.27.0-1-g7a089689b8 (webtiles) character file.

Game seed: 15451122270897465670

57 horus123 the Vexing (level 3, 0/20 HPs)
             Began as a Deep Elf Arcane Marksman on Aug 15, 2021.
             Slain by a kobold (1 damage)
             ... on level 2 of the Dungeon.
             The game lasted 00:07:03 (2254 turns).

horus123 the Vexing (Deep Elf Arcane Marksman)      Turns: 2254, Time: 00:07:03

Health: 0/20       AC:  4    Str:  7    XL:     3   Next: 73%
Magic:  5/8        EV: 12    Int: 17    God:
Gold:   82         SH:  0    Dex: 16    Spells: 0/6 levels left

rFire    + . .     SeeInvis .   (no weapon)
rCold    x . .     Faith    .   (no shield)
rNeg     . . .     Spirit   .   d - +0 robe
rPois    .         Reflect  .   f - +0 helmet
rElec    .         Harm     .   (no cloak)
rCorr    .         Rampage  .   (no gloves)
Will     .....                  h - +0 pair of boots
Stlth    +.........             (no amulet)
HPRegen  0.06/turn              e - ring of fire
MPRegen  0.11/turn              (no ring)

@: no status effects
A: no striking features
a: no special abilities


You were on level 2 of the Dungeon.
You visited 1 branch of the dungeon, and saw 3 of its levels.

You collected 82 gold pieces.

Inventory:

Hand Weapons
 a - a +1 shortbow
Armour
 d - a +0 robe (worn)
 f - a +0 helmet (worn)
 h - a +0 pair of boots (worn)
Jewellery
 e - a ring of fire (left hand)
Scrolls
 g - 2 scrolls of teleportation
Potions
 i - a potion of flight


   Skills:
 + Level 1.0 Fighting
 + Level 4.5 Bows
 + Level 2.4 Dodging
 + Level 2.0 Spellcasting
 + Level 4.7 Hexes


You couldn't memorise any spells.
You knew the following spells:

 Your Spells              Type           Power      Damage    Failure   Level
a - Corona                Hex            18%        N/A       2%          1
b - Slow                  Hex            17%        N/A       4%          2
c - Inner Flame           Hex/Fire       14%        N/A       22%         3

Your spell library contained the following spells:

 Spells                   Type           Power      Damage    Failure   Level
 Animate Skeleton         Necr           2%         N/A       19%         1
 Pain                     Necr           4%         1d4       19%         1
 Portal Projectile        Hex/Tloc       18%        N/A       22%         3
 Cause Fear               Hex            8%         N/A       26%         4
 Vampiric Draining        Necr           0%         2d6       50%         3
 Summon Lightning Spire   Summ/Air       1%         N/A       88%         4
 Storm Form               Tmut/Air       0%         N/A       100%        7
 Maxwell's Capacitive Co  Air            0%         ∞         100%        8


Dungeon Overview and Level Annotations

Branches:
Dungeon (3/15)

Altars:
Elyvilon


Message History

Press: ? - help, Q - select action, (/) - cycle Shift-Dir - straight line, f/p - kobold
Aim: a kobold, wielding a +0 short sword and wearing a +0 plate armour (66% to hit)
You shoot an arrow. The arrow closely misses the bat.
The arrow hits the kobold but does no damage.
The bat closely misses you. The bat hits you but does no damage.
The dart slug closely misses you. The bat hits you but does no damage.
Fire: 2 arrows
Press: ? - help, Q - select action, (/) - cycle Shift-Dir - straight line, f/p - kobold
Aim: a kobold, wielding a +0 short sword and wearing a +0 plate armour (66% to hit)
You shoot an arrow. The arrow barely misses the kobold.
The bat closely misses you. The kobold barely misses you.
The bat hits you but does no damage. The dart slug barely misses you.
Fire: arrow
Press: ? - help, Q - select action, (/) - cycle Shift-Dir - straight line, f/p - kobold
Aim: a kobold, wielding a +0 short sword and wearing a +0 plate armour (66% to hit)
You shoot an arrow. The arrow barely misses the kobold.
The bat hits you but does no damage. The kobold closely misses you.
The bat completely misses you. The dart slug misses you.
Okay, then.
You are now empty-handed.
The kobold hits you but does no damage.
You barely miss the kobold. The bat hits you but does no damage. x2
The kobold closely misses you.
You barely miss the kobold. The bat barely misses you.
The dart slug barely misses you. The bat closely misses you.
The kobold hits you with a +0 short sword.
* * * LOW HITPOINT WARNING * * *
You hit the kobold but do no damage. The bat hits you but does no damage. x2
The dart slug bites you but does no damage.
The kobold hits you but does no damage.
You hit the kobold but do no damage. The bat hits you.
* * * LOW HITPOINT WARNING * * *
The bat hits you.
* * * LOW HITPOINT WARNING * * *
The kobold barely misses you. The dart slug launches a dart at you.
The slug dart hits you but does no damage.
You hit the dart slug but do no damage. The bat closely misses you.
The bat hits you but does no damage.
The kobold hits you with a +0 short sword.
You die...

...............####..............
#.##.####..#.....................
#.#..###.....#..####.............
....#.......###.# #....##.....##
#.......#.### #$# #...###.....†.
...###.(..# #g# #..##.........
#.##....### #l###......##......
#.#..#.## #bK##.# .. ###....
#...##># ##@# #..## .......# #w#
###... ............. ... .......
............. ..... ####...
.......########..... ......
.......# #...... ....... ########
.......# ###.... #.....## #....
#....


You could see a dart slug, a hobgoblin, a bat, a kobold and a frilled lizard.

Vanquished Creatures
  2 adders
  A worm (D:3)
  An orc (D:3)
  4 bats
  4 endoplasms
  A giant cockroach (D:2)
  A goblin (D:1)
  2 hobgoblins
  3 jackals (D:1)
  3 kobolds
  2 quokkas (D:1)
  A ball python (D:2)
  5 frilled lizards
  2 rats
32 creatures vanquished.

Notes
Turn   | Place    | Note
-------+----------+-------------------------------------------
     0 | D:1      | horus123 the Deep Elf Arcane Marksman began the quest for
                  | the Orb.
     0 | D:1      | Reached XP level 1. HP: 11/11 MP: 5/5
   463 | D:1      | Reached skill level 1 in Fighting
   542 | D:1      | Reached XP level 2. HP: 16/16 MP: 3/6
   657 | D:1      | Learned a level 2 spell: Slow
  1298 | D:2      | Reached XP level 3. HP: 6/20 MP: 5/7
  1608 | D:2      | You fall into a shaft and drop 1 floor!
  1669 | D:3      | Found a white marble altar of Elyvilon.
  2206 | D:2      | Learned a level 3 spell: Inner Flame
  2253 | D:2      | HP: 1/20 [bat (1)]
  2254 | D:2      | Slain by a kobold

Illustrated notes

Levels and vault maps discovered:
D:1:      lordsloth_arrival_two_stooges, layout_basic
D:2:      layout_rooms
D:3:      layout_loops_ring, elyvilon_altar_5, nicolae_uskayaw_en_pointe,
          basic_ecumenical_altar, due_unseen_surprise

Skill      XL: |  1  2  3 |
---------------+----------+-----
Fighting       | 1 |  1.0
Bows           | 3 4 |  4.5
Spellcasting   | 2 |  2.0
Dodging        | |  2.4
Hexes          | |  4.7

Action                   || total
-------------------------++-------
Melee: Unarmed           ||     5
 Fire: Shortbow          ||    92
 Cast: Corona            ||    19
       Slow              ||    10
       Inner Flame       ||     1
  Use: Scroll            ||     4
       Potion            ||     2
Armor: Robe              ||    41
Dodge: Dodged            ||    62
